Match 45278588
Unlisted

Match 45278588
End
Construct Infanterie Kompanie
MG 42 Machine Gun Team
Grenadier Squad
Grenadier Squad
MG 42 Machine Gun Team
Infanterie Officer Quarters
GrW 34 Mortar Team
Construct Panzergrenadier Kompanie
Medical Station
251 Medium Carrier
Panzergrenadier Officer Quarters
Selects Mechanized Battlegroup
Selects Spotting Scopes
Selects Wespe Self-propelled Artillery
Pak 40 Anti-tank Gun Team
Wespe Self-propelled Artillery
Pak 40 Anti-tank Gun Team
MG 42 Bunker
Pioneer Squad
Construct Panzer Kompanie
Selects Zeroing Artillery Barrage
Zeroing Artillery Barrage
Medical Bunker
Selects Raid Package
Panzer IV Medium Tank
Panzer Officer Quarters
Selects StuG Assault Group
MG 42 Bunker
Side Skirts
Wespe Self-propelled Artillery
Selects UNKNOWN (2160084)
Zeroing Artillery Barrage
Panther Heavy Tank
Zeroing Artillery Barrage
Medical Bunker
Repair Bunker
Grenadier Squad
Grenadier Squad
Pioneer Squad
Zeroing Artillery Barrage
Panther Heavy Tank
Zeroing Artillery Barrage
catcher19
Goonsader
cumsader
Yumimora
Be Frabjous
Commander Z
water
Boat Goes Binted
0
0

Comments sign in to comment!

No comments posted yet!